 Dungeon Crawl Stone Soup version 0.20.1-1-g8b1a95d (webtiles) character file.

322 dvd the Slasher (level 6, -6/49 HPs)
             Began as a Barachi Fighter on Sept 22, 2017.
             Mangled by Chisa's ghost (18 damage)
             ... in a sewer.
             The game lasted 00:09:06 (3601 turns).

dvd the Slasher (Barachi Fighter)                   Turns: 3601, Time: 00:09:06

Health: -6/49      AC:  8    Str: 23    XL:     6   Next: 47%
Magic:  2/2        EV:  9    Int:  8    God:
Gold:   112        SH: 10    Dex: 13    Spells: 5/5 levels left

rFire    . . .     SeeInvis .   n - +2 long sword (antimagic)
rCold    . . .     Gourm    .   c - +0 shield
rNeg     . . .     Faith    .   b - +0 scale mail
rPois    .         Spirit   .   (no helmet)
rElec    .         Reflect  .   y - +0 cloak
rCorr    .         Harm     .   (no gloves)
MR       .....                  (no boots)
Stlth    ..........             (no amulet)
Regen    0.2/turn               p - ring of wizardry
MPRegen  0.1/turn               (no ring)

@: mighty, slow
A: +LOS, swims, slowness 1, strong legs 1
a: Hop


You were in a sewer.
You were not hungry.

You visited 1 branch of the dungeon, and saw 4 of its levels.
You also visited: Sewer.

You collected 112 gold pieces.

Inventory:

Hand Weapons
 a - a +1 long sword
 h - a +3 quarterstaff of chaos
 n - a +2 antimagic long sword (weapon)
Armour
 b - a +0 scale mail (worn)
 c - a +0 shield (worn)
 t - a +2 buckler
 y - a +0 cloak (worn)
 A - a +0 plate armour
Jewellery
 p - a ring of wizardry (left hand)
 z - an uncursed ring of fire
Wands
 e - a wand of lightning (10/15)
Scrolls
 g - 7 scrolls of identify
 i - 2 scrolls of teleportation
 m - 2 scrolls of enchant weapon
 o - a scroll of magic mapping {unknown}
 q - a scroll of recharging {unknown}
 r - a scroll of fog {unknown}
 v - a scroll of immolation {unknown}
 w - a scroll of blinking {unknown}
 x - a scroll of fear {unknown}
 C - a scroll of noise {unknown}
Potions
 j - 2 potions of lignification
 k - a potion of agility
 l - a potion of curing {unknown}
 B - a potion of haste {unknown}
Comestibles
 f - 4 bread rations
 s - 2 meat rations
 u - 2 royal jellies
 D - 6 chunks of flesh


   Skills:
 + Level 4.3 Fighting
 + Level 5.1 Long Blades
 + Level 4.9 Armour
 + Level 2.1 Dodging
 + Level 0.6 Stealth
 + Level 4.4 Shields


You had 5 spell levels left.
You didn't know any spells.

Dungeon Overview and Level Annotations

Branches:
Dungeon (4/15)
 Temple: D:4-7

Altars:
Kikubaaqudgha
Ru

Annotations:
D:4 Edmund Sewer Chisa's ghost, amateur TeCj


Innate Abilities, Weirdness & Mutations

Shadows flee at your approach. (+LOS)
You can swim through water.
You cover ground slowly.
You can hop short distances.


Message History

You start resting.
You hear the brisk rusting of a drain.
The world spins around you as you enter the gateway.
You enter a sewer!
Chisa's ghost (amateur Tengu Conjurer) comes into view.
It is wielding a weapon of electrocution.
Found a gate leading back out of this place.
There is an empty arch of ancient stone here.
You feel very mighty all of a sudden. Chisa's ghost hits you.
You are electrocuted!
* * * LOW HITPOINT WARNING * * *
You slash Chisa's ghost!
Chisa's ghost's magic leaks into the air.
Chisa's ghost is heavily damaged.
Chisa's ghost falters for a moment.
You closely miss Chisa's ghost.
Chisa's ghost is heavily damaged.
Chisa's ghost closely misses you. Chisa's ghost hits you.
* * * LOW HITPOINT WARNING * * *
You are electrocuted!
You die...

#####
#...+
#∩@W#
#...#
#####


You could see Chisa's ghost.

Vanquished Creatures
  Crazy Yiuf (D:2)
  A hound (D:4)
  2 orc priests (D:3)
  Terence (D:3)
  A worker ant (D:4)
  3 gnolls
  4 adders (D:2)
  An ooze (D:1)
  A worm (D:2)
  2 dart slugs
  4 leopard geckos
  3 orcs
  8 giant cockroaches
  9 goblins
  7 hobgoblins
  3 jackals
  A quokka (D:4)
  A ball python (D:1)
  6 bats
  5 frilled lizards
  7 kobolds
  5 rats
  2 fungi
78 creatures vanquished.

Notes
Turn   | Place    | Note
-------+----------+-------------------------------------------
     0 | D:1      | dvd the Barachi Fighter began the quest for the Orb.
     0 | D:1      | Reached XP level 1. HP: 18/18 MP: 1/1
   214 | D:1      | Reached XP level 2. HP: 21/25 MP: 2/2
   658 | D:1      | Reached XP level 3. HP: 30/30 MP: 3/3
   971 | D:2      | Reached skill level 3 in Long Blades
  1588 | D:2      | Reached XP level 4. HP: 37/37 MP: 4/4
  1994 | D:2      | Found a runed door.
  1998 | D:2      | Noticed Crazy Yiuf
  2070 | D:2      | Reached skill level 1 in Dodging
  2087 | D:2      | Killed Crazy Yiuf
  2087 | D:2      | Reached XP level 5. HP: 20/42 MP: 5/5
  2462 | D:3      | Reached skill level 4 in Long Blades
  2551 | D:3      | Noticed Terence
  2564 | D:3      | Killed Terence
  2703 | D:3      | Found an ancient bone altar of Kikubaaqudgha.
  3121 | D:3      | Found a sacrificial altar of Ru.
  3230 | D:3      | Reached XP level 6. HP: 26/48 MP: 2/6
  3366 | D:4      | Noticed Edmund
  3412 | D:4      | Reached skill level 5 in Long Blades
  3451 | D:4      | Found a glowing drain.
  3598 | Sewer    | Entered a sewer
  3598 | Sewer    | Noticed Chisa's ghost (amateur TeCj)
  3601 | Sewer    | Mangled by Chisa's ghost

Skill      XL: |  1  2  3  4  5  6 |
---------------+-------------------+-----
Armour         | 4 |  4.9
Shields        | 4 |  4.4
Long Blades    | 3 4 5 |  5.1
Fighting       | 4 |  4.3
Dodging        | 1 2 |  2.1
Stealth        | |  0.6

Action                   |  1- 3 |  4- 6 || total
-------------------------+-------+-------++-------
Melee: Long sword        |   119 |   184 ||   303
  Use: Scroll            |       |     5 ||     5
       Potion            |       |     2 ||     2
 Stab: Invisible         |       |     1 ||     1
  Eat: Chunk             |     3 |     7 ||    10
Armor: Scale mail        |    47 |   103 ||   150
       Skin              |       |     1 ||     1
Dodge: Dodged            |    46 |    76 ||   122
Block: Shield            |    51 |   100 ||   151
       Rpst.: Long sword |    16 |    30 ||    46
